 Dungeon Crawl Stone Soup version 0.31.0-1-g2c135a008e (webtiles) character file.

Game seed: 1562141847342705038

135 qw the Shooter (level 5, -4/40 HPs)
             Began as a Djinni Hunter on Jan 23, 2024.
             Killed by nerve-wracking pain
             ... invoked by an orc priest
              (13 damage)
             ... on level 4 of the Dungeon.
             The game lasted 00:00:07 (2466 turns).

qw the Shooter (Djinni Hunter)                      Turns: 2466, Time: 00:00:08

Health: -4/40      AC:  7    Str: 10    XL:     5   Next: 42%
Gold:   192        EV: 16    Int: 10    God:
                   SH:  0    Dex: 19

rFire   + + .        b - +2 arbalest (drain)
rCold   x . .        (shield currently unavailable)
rNeg    . . .        q - +0 ring mail
rPois   inf          (no helmet)
rElec   .            (no cloak)
rCorr   .            o - +1 pair of gloves
SInv    .            (boots unavailable)
Will    .....        (no amulet)
Stlth   +            d - +5 ring of evasion
HPRegen 0.26/turn    (no ring)
MPRegen 0.00/turn

%: infuse magic (-5 HP)
@: about to teleport, flying
A: sickness immunity, fire resistance 2, cold vulnerability 1, float, innate
caster, HP casting, extra vitality 1
a: no special abilities


You were on level 4 of the Dungeon.
You visited 1 branch of the dungeon, and saw 4 of its levels.

You collected 192 gold pieces.


Innate Abilities, Weirdness & Mutations

You are immune to sickness and miasma.
You are immune to poison.
Your flesh is very heat resistant. (rF++)
You are vulnerable to cold. (rC-)
You float through the air rather than walking.
You learn spells naturally, not from books.
Your magical power is your life essence.
You have superior vitality. (+4 MHP)


   Skills:
 - Level 3.2 Fighting
 + Level 4.5 Ranged Weapons
 - Level 1.0 Armour
 - Level 2.3 Dodging
 - Level 0.7 Stealth


You knew the following spells:

 Your Spells              Type           Power      Damage    Failure   Level
a - Foxfire               Conj/Fire      0%         2x1d4     67%         1
b - Ensorcelled Hibernat  Hex/Ice        0%         N/A       82%         2
Your spell library was empty.

Inventory:

Hand Weapons
 b - a +2 arbalest of draining (weapon)
Armour
 o - a +1 pair of gloves (worn)
 q - a +0 ring mail (worn)
Jewellery
 d - a +5 ring of evasion (left hand)
Scrolls
 a - 2 scrolls of immolation {unknown}
Potions
 c - a potion of attraction {unknown}
 e - 2 potions of might
 f - a potion of curing
 h - a potion of heal wounds
 i - a potion of haste {unknown}
 m - a potion of degeneration {unknown}

Dungeon Overview and Level Annotations

Branches:
Dungeon (4/15)
 Temple: D:4-7

Altars:


Message History

You have reached level 5!
The power to cast Ensorcelled Hibernation wells up from within.
Spell assigned to 'b'.
You shoot a bolt. The bolt barely misses the hound.
The bolt hits the orc.
You drain the orc.
The orc is almost dead.
The hound pauses to sniff the ground.
The hound completely misses you. The hound barely misses you.
An orc priest comes into view. It is wielding a +0 mace.
The hound closely misses you.
You shoot a bolt. The bolt hits the hound!
The hound is almost dead.
The hound bites you. The hound misses you. x2
You shoot a bolt. The bolt hits the hound.
You kill the hound!
The orc priest calls down the wrath of Beogh upon you.
Beogh smites you!
The ball python bites you but does no damage.
The ball python completely misses you.
An orc comes into view. It is wielding a +0 whip.
You shoot a bolt. The bolt hits the ball python.
You kill the ball python!
You shoot a bolt. The bolt hits the orc!
You kill the orc!
You shoot a bolt. The bolt hits the orc!
You kill the orc!
The orc priest mumbles some strange prayers to Beogh against you.
Beogh smites you!
You shoot a bolt.
The bolt hits the orc priest but does no damage.
The orc priest misses you.
You shoot a bolt. The bolt hits the orc priest!
The orc priest is severely wounded.
The orc priest hits you with a +0 mace. The orc priest closely misses you.
2466 ||| READING scroll of teleportation.
As you read the scroll of teleportation, it crumbles to dust.
You feel strangely unstable.
The orc priest invokes the aid of Beogh against you.
Pain shoots through your body!
You die...

#..# #..# #..#
####..#######
#...........#
..............#
.##..........##
##.........###
#..........@#
#........##)o.#
##.......####.#
##.....## .#
##....# .
##..## .. ##.
.! ## #..


You could see an orc priest.

Vanquished Creatures
  A hound (D:4)
  3 adders
  2 dart slugs
  A ribbon worm (D:3)
  2 orcs (D:4)
  5 ball pythons
  10 endoplasms
  3 giant cockroaches (D:1)
  4 goblins
  2 hobgoblins
  7 jackals
  5 quokkas
  4 bats
  A frilled lizard (D:3)
  4 kobolds
  7 rats
61 creatures vanquished.

Notes
Turn   | Place    | Note
-------+----------+-------------------------------------------
     0 | D:1      | qw the Djinni Hunter began the quest for the Orb.
     0 | D:1      | Reached XP level 1. HP: 18/18 MP: 0/0
     0 | D:1      | 0 ||| qw: Version: 0.3-a-135-gb77e89d
     0 | D:1      | 0 ||| qw: Game counter: 829
     0 | D:1      | 0 ||| qw: Melee chars always use a shield: true
     0 | D:1      | 0 ||| qw: God list: Okawaru
     0 | D:1      | 0 ||| qw: Allow faded altars: false
     0 | D:1      | 0 ||| qw: Do Orc after clearing Dungeon:15 true
     0 | D:1      | 0 ||| qw: Do second Lair branch before Depths: true
     0 | D:1      | 0 ||| qw: Lair rune preference: random
     0 | D:1      | 0 ||| qw: Goals: Normal
     0 | D:1      | 0 ||| PLANNING D:1-11
    18 | D:1      | Reached XP level 2. HP: 23/23 MP: 0/0
   339 | D:1      | Reached skill level 4 in Ranged Weapons
   339 | D:1      | Reached XP level 3. HP: 26/28 MP: 0/0
   339 | D:1      | Learned a level 1 spell: Foxfire
   642 | D:1      | 642 ||| READING scroll labelled DUIDGH HAMAEK.
   643 | D:1      | 643 ||| READING scroll labelled GIR OBUSOIKK.
   646 | D:1      | 646 ||| DRINKING 2 fuming purple potions.
   673 | D:1      | 673 ||| DROPPING scroll of butterflies.
   674 | D:1      | 674 ||| DROPPING potion of lignification.
  1017 | D:2      | Reached XP level 4. HP: 34/34 MP: 0/0
  1190 | D:2      | Reached skill level 3 in Fighting
  1542 | D:2      | 1542 ||| UPGRADING to +0 pair of gloves.
  1547 | D:2      | 1547 ||| UPGRADING to +0 ring mail.
  1557 | D:2      | 1557 ||| DROPPING +0 leather armour.
  1558 | D:2      | 1558 ||| UPGRADING to +5 ring of evasion.
  1559 | D:2      | 1559 ||| READING scroll labelled RAIFYMONIWN.
  1560 | D:2      | 1560 ||| READING scroll labelled GYJULL KATZEC.
  1622 | D:2      | 1622 ||| READING scroll labelled QENETU KEITIMIQ.
  1623 | D:2      | 1623 ||| READING scroll labelled AROCID CEIGI.
  1623 | D:2      | 1623 ||| IDENTIFYING orange potion
  1624 | D:2      | 1624 ||| READING scroll labelled TONOMY POUJOKK.
  1725 | D:2      | 1725 ||| READING scroll labelled ZISHRU ROYDEKK.
  1725 | D:2      | 1725 ||| ENCHANTING +0 pair of gloves.
  1726 | D:2      | 1726 ||| READING scroll labelled UGISAMUMIZ.
  1727 | D:2      | 1727 ||| READING scroll labelled BYKA WOACE.
  1727 | D:2      | Identified a scroll of acquirement
  1727 | D:2      | 1727 ||| ACQUIRING +2 arbalest of draining
  1727 | D:2      | Acquired a +2 arbalest of draining
  1729 | D:2      | 1729 ||| SWAPPING to +2 arbalest of draining.
  1730 | D:2      | 1730 ||| DROPPING +0 shortbow.
  1731 | D:2      | 1731 ||| DRINKING 2 white potions.
  1912 | D:3      | Reached skill level 1 in Armour
  2386 | D:3      | 2386 ||| READING scroll of identify.
  2386 | D:3      | 2386 ||| IDENTIFYING metallic golden potion
  2387 | D:3      | 2387 ||| READING 2 scrolls labelled PAGHYPANNI.
  2388 | D:3      | 2388 ||| DROPPING scroll of fog.
  2458 | D:4      | Reached XP level 5. HP: 35/40 MP: 0/0
  2458 | D:4      | Learned a level 2 spell: Ensorcelled Hibernation
  2465 | D:4      | HP: 9/40 [orc priest/+0 mace (4)]
  2466 | D:4      | 2466 ||| READING scroll of teleportation.
  2466 | D:4      | Killed from afar by an orc priest

Levels and vault maps discovered:
D:1:      doesnt_arrival_eight_statues, layout_basic
D:2:      layout_basic, moated_statue, minmay_pentomino_z4
D:3:      layout_basic, kennysheep_boxes
D:4:      cheibrodos_pilgrimage, layout_cave_pods

Skill      XL: |  1  2  3  4 |
---------------+-------------+-----
Ranged Weapons | 4 |  4.5
Fighting       | 3 |  3.2
Armour         | 1 |  1.0
Dodging        | |  2.3
Stealth        | |  0.7

Action                     |  1- 3 |  4- 6 || total
---------------------------+-------+-------++-------
   Fire: Shortbow          |   105 |    17 ||   122
         Arbalest          |       |    42 ||    42
    Use: Scroll            |     2 |    11 ||    13
         Potion            |     1 |     1 ||     2
 Armour: Leather armour    |    34 |     6 ||    40
         Ring mail         |       |     9 ||     9
  Dodge: Dodged            |    36 |    28 ||    64

Table legend:
 A = Non-vault XP
 B = Vault XP
 C = Vault XP percentage of total XP
 D = Non-vault monster count
 E = Vault monster count
 F = Vault count percentage of total count
                 A         B        C        D         E       F
            +---------+---------+-------+---------+---------+-------
      Total |     188 |       6 |   3.1 |      57 |       4 |   6.6
            +---------+---------+-------+---------+---------+-------
        D:1 |      36 |       0 |   0.0 |      18 |       0 |   0.0
        D:2 |      47 |       6 |  11.3 |      14 |       4 |  22.2
        D:3 |      39 |       0 |   0.0 |      20 |       0 |   0.0
        D:4 |      66 |       0 |   0.0 |       5 |       0 |   0.0
            +---------+---------+-------+---------+---------+-------
